 Dungeon Crawl Stone Soup version 0.20-a0-870-g4070442 (console) character file.

1404 hittembot the Chopper (level 8, 0/70 HPs)
             Began as a Minotaur Fighter on Mar 13, 2017.
             Slain by an orc warrior
             ... wielding a +0 war axe
              (13 damage)
             ... on level 7 of the Dungeon.
             The game lasted 00:04:19 (7098 turns).

hittembot the Chopper (Minotaur Fighter)            Turns: 7098, Time: 00:04:21

Health: 0/70       AC:  8    Str: 22    XL:     8   Next: 42%
Magic:  7/7        EV:  9    Int:  5    God:
Gold:   305        SH: 10    Dex: 11    Spells: 7/7 levels left

rFire    . . .     SeeInvis .   a - +0 war axe
rCold    . . .     Gourm    .   b - +0 scale mail
rNeg     . . .     Faith    .   c - +0 shield
rPois    .         Spirit   .   (helmet restricted)
rElec    .         Reflect  .   (no cloak)
rCorr    .         Harm     .   (no gloves)
MR       .....                  (no boots)
Stlth    ..........             (no amulet)
Regen    0.3/turn               (no ring)
MPRegen  0.1/turn               (no ring)

@: no status effects
A: retaliatory headbutt, horns 2
a: no special abilities


You were on level 7 of the Dungeon.
You were very full.

You visited 1 branch of the dungeon, and saw 7 of its levels.

You collected 305 gold pieces.

Inventory:

Hand Weapons
 a - a +0 war axe (weapon)
Armour
 b - a +0 scale mail (worn)
 c - a +0 shield (worn)
Jewellery
 f - a +3 ring of protection {unknown}
 k - an uncursed ring of protection from magic {unknown}
 r - a cursed -3 ring of protection {unknown}
 w - a +5 ring of dexterity {unknown}
Wands
 n - a wand of enslavement (16/24)
 q - a wand of lightning (13/15)
 u - a wand of disintegration (7/24)
Scrolls
 g - 2 scrolls of enchant weapon {unknown}
 h - a scroll of enchant armour {unknown}
 i - 9 scrolls of identify {unknown}
 j - 4 scrolls of teleportation {unknown}
 p - a scroll of fog {unknown}
 t - 4 scrolls of remove curse {unknown}
 v - a scroll of immolation {unknown}
 x - 2 scrolls of blinking {unknown}
 y - a scroll of recharging {unknown}
Potions
 d - 2 potions of might
 e - a potion of cancellation {unknown}
 m - a potion of mutation {unknown}
 s - a potion of haste
 z - 2 potions of flight {unknown}
Comestibles
 l - a meat ration
 o - 4 fruits


   Skills:
 + Level 5.8 Fighting
 + Level 7.7 Axes
 + Level 7.4 Armour
 + Level 2.5 Dodging
 + Level 0.8 Stealth
 + Level 6.1 Shields


You had 7 spell levels left.
You didn't know any spells.

Dungeon Overview and Level Annotations

Branches:
Dungeon (7/15)             Temple (0/1) D:5

Altars:
Fedhas
Qazlal
Sif Muna
Vehumet
Zin

Annotations:
D:6 1 runed door


Innate Abilities, Weirdness & Mutations

You reflexively headbutt those who attack you in melee.
You have a pair of horns on your head.


Message History

The orc wizard hits you but does no damage.
The orc warrior hits you but does no damage.
The orc wizard hits you but does no damage.
You barely miss the orc warrior.
The orc warrior is almost dead.
You hit the orc wizard.
You kill the orc wizard!
You block the orc warrior's attack.
The electric eel shoots out a bolt of lightning at you!
The bolt of electricity hits you!
The jackal bites something but does no damage.
You barely miss the orc warrior.
You headbutt the orc warrior, but do no damage.
The orc warrior is almost dead.
The orc warrior hits you with a war axe.
The electric eel shoots out a bolt of lightning at you!
The bolt of electricity hits you!
* * * LOW HITPOINT WARNING * * *
The orc warrior hits you with a war axe!
You die...

...............##
......)............
..>............####
#######.########
#.# #.# ##.###
#....## #?##@.#
#.#)o)# #.....;;
#$..P≈;≈≈h
.....≈≈≈≈hh..
...P≈≈≈≈≈≈h≈.%
≈≈≈≈≈≈≈≈≈≈.≈...
≈≈≈≈≈≈≈≈≈≈c....


You could see an orc warrior, a centaur (wandering), 3 electric eels and 4
jackals.

Vanquished Creatures
  The ghost of StylePro the Sneak, an amateur SpAs of Dithmenos (D:5)
  Menkaure (D:6)
  4 ogres
  The ghost of hittembot the Shield-Bearer, an amateur FoFi (D:3)
  A big kobold (D:7)
  Blork the orc (D:6)
  A bullfrog (D:7)
  3 scorpions
  A crimson imp (D:6)
  2 orc priests
  A hound (D:6)
  2 orc wizards (D:7)
  3 worker ants
  Robin (D:3)
  An adder (D:5)
  2 shadow imps (D:5)
  2 oozes
  An adder zombie (D:6)
  An adder skeleton (D:4)
  A worm (D:4)
  A dart slug (D:1)
  2 leopard geckos
  12 orcs
  A giant cockroach (D:1)
  12 goblins
  7 hobgoblins
  4 jackals (D:4)
  2 quokkas
  A ball python (D:3)
  8 bats
  5 frilled lizards
  10 kobolds
  A leopard gecko skeleton (D:5)
  A quokka skeleton (D:5)
  3 rats
101 creatures vanquished.

Vanquished Creatures (others)
  A water moccasin zombie (D:5)
1 creature vanquished.

Grand Total: 102 creatures vanquished

Notes
Turn   | Place    | Note
-------+----------+-------------------------------------------
     0 | D:1      | hittembot the Minotaur Fighter began the quest for the Orb.
     0 | D:1      | Reached XP level 1. HP: 19/19 MP: 0/0
   309 | D:1      | Reached XP level 2. HP: 26/26 MP: 1/1
  1051 | D:3      | Noticed Robin
  1053 | D:3      | Reached XP level 3. HP: 33/33 MP: 2/2
  1059 | D:3      | Killed Robin
  1262 | D:3      | Noticed hittembot's ghost (amateur FoFi)
  1278 | D:3      | Killed hittembot's ghost
  1278 | D:3      | Reached XP level 4. HP: 13/40 MP: 3/3
  1278 | D:3      | Reached XP level 5. HP: 16/46 MP: 4/4
  1868 | D:3      | Found a glowing silver altar of Zin.
  1924 | D:3      | Found a blossoming altar of Fedhas.
  1924 | D:3      | Found a deep blue altar of Sif Muna.
  2338 | D:4      | Found a radiant altar of Vehumet.
  3394 | D:4      | Reached skill level 1 in Dodging
  3577 | D:5      | Entered Level 5 of the Dungeon
  3591 | D:5      | Reached skill level 5 in Armour
  4001 | D:5      | Noticed StylePro's ghost (amateur SpAs)
  4046 | D:5      | Killed StylePro's ghost
  4046 | D:5      | Reached skill level 5 in Axes
  4046 | D:5      | Reached skill level 5 in Shields
  4046 | D:5      | Reached XP level 6. HP: 10/53 MP: 5/5
  4859 | D:5      | Found a stormy altar of Qazlal.
  4946 | D:5      | Found a staircase to the Ecumenical Temple.
  5144 | D:6      | Reached skill level 5 in Fighting
  5144 | D:6      | Reached XP level 7. HP: 28/61 MP: 6/6
  5426 | D:6      | Noticed Menkaure
  5432 | D:6      | Killed Menkaure
  5596 | D:6      | Found a runed door.
  5802 | D:6      | Noticed Blork the orc
  5807 | D:6      | Killed Blork the orc
  6474 | D:7      | Reached XP level 8. HP: 13/69 MP: 7/7
  7098 | D:7      | Slain by an orc warrior

Vault maps used:
D:1:      dpeg_arrival_oval, serial_bayou_lagoon_b
D:2:      lemuel_doored_altar, nicolae_ru_path_of_blood,
          kiku_gazebo_pond_becter, overflow_temple_1_default
D:3:      gammafunk_temple_overflow_elements, nicolae_overflow_hidden_temple,
          uniq_robin
D:4:      vehumet_crystals
D:5:      temple_fountains, first_bread, grunt_qazlal_clouds
D:6:      minmay_unpleasant_kobolds, uniq_menkaure, uniq_crazy_yiuf_cottage,
          uniq_blork_the_orc
D:7:      basic_altar, grunt_livestock, chequers_big_river, lemuel_statue_altar

Skill      XL: |  1  2  3  4  5  6  7  8 |
---------------+-------------------------+-----
Shields        | 4 5 6 |  6.1
Axes           | 3 4 5 6 7 |  7.7
Armour         | 4 5 6 7 |  7.4
Fighting       | 4 5 |  5.8
Dodging        | 1 2 |  2.5
Stealth        | |  0.8

Action                   |  1- 3 |  4- 6 |  7- 9 || total
-------------------------+-------+-------+-------++-------
Melee: War axe           |    75 |   107 |    97 ||   279
       Headbutt          |     8 |    15 |    20 ||    43
  Use: Potion            |       |     4 |       ||     4
  Eat: Chunk             |     1 |     4 |       ||     5
       Bread ration      |       |     3 |     2 ||     5
       Meat ration       |       |       |     1 ||     1
Armor: Scale mail        |    47 |    33 |    22 ||   102
Dodge: Dodged            |    37 |    31 |    29 ||    97
Block: Shield            |    40 |    41 |    49 ||   130
